 Dungeon Crawl Stone Soup version 0.31-a0-819-gf6de2f5ab6 (webtiles) character file.

Game seed: 1253552935955721042

55 Kurtz the Chopper (level 3, -1/26 HPs)
             Began as an Octopode Fighter on Sept 25, 2023.
             Slain by a black bear (3 damage)
             ... on level 2 of the Dungeon.
             The game lasted 00:00:52 (854 turns).

Kurtz the Chopper (Octopode Fighter)                 Turns: 854, Time: 00:00:53

Health: -1/26      AC:  1    Str: 15    XL:     3   Next: 93%
Magic:  12/12      EV: 13    Int: 10    God:
Gold:   71         SH:  4    Dex: 13    Spells: 2/2 levels left

rFire   . . .        a - +0 war axe
rCold   . . .        b - +0 buckler
rNeg    . . .        (helmet restricted)
rPois   .            (no amulet)
rElec   .            d - ring of magical power
rCorr   .            (no ring)
SInv    .            (no ring)
Will    .....        (no ring)
Stlth   ++           (no ring)
HPRegen 0.24/turn    (no ring)
MPRegen 0.13/turn    (no ring)
                     (no ring)

%: no passive effects
@: mighty
A: almost no armour, amphibious, 8 rings, camouflage 1, gelatinous body 1,
(nimble swimmer 1), tentacles
a: no special abilities


You were on level 2 of the Dungeon.
You visited 1 branch of the dungeon, and saw 2 of its levels.

You collected 71 gold pieces.

Inventory:

Hand Weapons
 a - a +0 war axe (weapon)
Armour
 b - a +0 buckler (worn)
Jewellery
 d - a ring of magical power (left tentacle)
 k - a ring of positive energy
Scrolls
 f - a scroll of enchant armour {unknown}
 h - a scroll of identify {unknown}
Potions
 e - 2 potions of curing {unknown}
 g - a potion of experience {unknown}
 i - a potion of brilliance {unknown}
 j - a potion of cancellation {unknown}


   Skills:
 - Level 3.0 Fighting
 * Level 4.1 Axes
 - Level 3.0 Dodging
 - Level 3.0 Shields


You had 2 spell levels left.
You didn't know any spells.
Your spell library was empty.

Dungeon Overview and Level Annotations

Branches:
Dungeon (2/15)

Altars:


Innate Abilities, Weirdness & Mutations

You cannot wear most types of armour.
You are amphibious.
You can wear up to eight rings at the same time.
Your skin changes colour to match your surroundings (Stealth+).
Your rubbery body absorbs attacks. (AC +1, EV +1)
((You are camouflaged when in or above water. (Stealth+)))
You have tentacles for arms and can constrict up to eight enemies at once.


Message History

You see here a staff of fire.
No target in view!
Jessica the Apprentice Sorceress comes into view.
She is wielding a +0 dagger.
Jessica is nearby!
Jessica is nearby!
Found an iron ring.
Jessica is nearby!
Jessica shouts!
Jessica is nearby!
You hit Jessica but do no damage. You grab Jessica. You squeeze Jessica.
Jessica is heavily wounded.
You constrict Jessica. Jessica hits you with a +0 dagger. x2
Jessica is nearby!
Unknown command.
You slash Jessica!
You kill Jessica!
Your Axes skill increases to level 4!
k - a ring of positive energy No target in view!
Unknown command.
You open the door.
There is an open door here.
As you open the door, it creaks loudly!
A black bear comes into view.
Found a ring mail.
There is an open door here.
A black bear is nearby!
The black bear bites you! The black bear claws you. x2
You feel very mighty all of a sudden. The black bear closely misses you.
The black bear claws you. The black bear closely misses you.
You slash the black bear! You grab the black bear.
The black bear is moderately wounded.
You constrict the black bear, but do no damage.
The black bear bites you.
* * * LOW HITPOINT WARNING * * *
The black bear claws you.
* * * LOW HITPOINT WARNING * * *
The black bear completely misses you. The black bear bites you.
You die...

######### #.......##
........# ........#
#####...# #########
#########...####......[#
..........).'..'@.......
#########...####.h.....#
# #...# #.......# #
#...# #.......# #...#
######### ##. ##### ...
##.


You could see a black bear.

Vanquished Creatures
  Jessica (D:2)
  A worm (D:2)
  A dart slug (D:1)
  2 ball pythons (D:1)
  2 endoplasms (D:1)
  2 giant cockroaches (D:1)
  A goblin (D:1)
  2 hobgoblins (D:1)
  2 quokkas
  2 bats (D:1)
  2 frilled lizards (D:1)
  3 kobolds
  3 rats (D:1)
24 creatures vanquished.

Notes
Turn   | Place    | Note
-------+----------+-------------------------------------------
     0 | D:1      | Kurtz the Octopode Fighter began the quest for the Orb.
     0 | D:1      | Reached XP level 1. HP: 16/16 MP: 1/1
   205 | D:1      | Reached XP level 2. HP: 21/21 MP: 1/2
   354 | D:1      | Reached skill level 3 in Axes
   741 | D:2      | Reached XP level 3. HP: 26/26 MP: 3/3
   802 | D:2      | Noticed Jessica
   809 | D:2      | Killed Jessica
   810 | D:2      | Reached skill level 4 in Axes
   850 | D:2      | Noticed a black bear
   854 | D:2      | Slain by a black bear

Illustrated notes

Levels and vault maps discovered:
D:1:      orjb1_clovarrival, layout_loops_ring, serial_park_tiny_1
D:2:      layout_basic, uniq_jessica, uniq_crazy_yiuf_cottage

Skill      XL: |  1  2  3 |
---------------+----------+-----
Axes           | 3 4 |  4.1
Fighting       | |  3.0
Dodging        | |  3.0
Shields        | |  3.0

Action                     || total
---------------------------++-------
  Melee: War axe           ||    45
         Constrict         ||    14
         Tentacles         ||     5
    Use: Potion            ||     1
   Stab: Sleeping          ||     6
         Distracted        ||     1
 Armour: Skin              ||    23
  Dodge: Dodged            ||    25
  Block: Buckler           ||     7

Table legend: (Time is in decaauts)
 A = Elapsed time spent in this place.
 B = Non-inter-level travel time spent in this place.
 C = Inter-level travel time spent in this place.
 D = Time resting spent in this place.
 E = Time spent auto-exploring this place.
 F = Levels seen in this place.
 G = Mean time per level.
                   A        B        C        D        E       F      G
               +--------+--------+--------+--------+--------+-----+--------+
         Total |    871 |    856 |     15 |      0 |    692 |   2 |  435.5 |
       Dungeon |    871 |    856 |     15 |      0 |    692 |   2 |  435.5 |
               +--------+--------+--------+--------+--------+-----+--------+

Top non-repeatable levels by time:
     D:1: 746 daAuts
     D:2: 124 daAuts
